 Dungeon Crawl Stone Soup version 0.24-a0-584-g9d6b971ae4 (webtiles) character file.

Game seed: 10919915361357613976, levelgen mode: deterministic

10 Gynju the Skirmisher (level 2, 0/26 HPs)
             Began as a Centaur Abyssal Knight on Sept 2, 2019.
             Was a Follower of Lugonu.
             Slain by a bat (1 damage)
             ... on level 1 of the Dungeon.
             The game lasted 00:00:48 (414 turns).

Gynju the Skirmisher (Centaur Abyssal Knight)        Turns: 414, Time: 00:00:49

Health: 0/26       AC:  4    Str: 14    XL:     2   Next: 10%
Magic:  3/3        EV:  9    Int: 11    God:    Lugonu [*.....]
Gold:   5          SH:  0    Dex:  8    Spells: 1/1 levels left

rFire    . . .     SeeInvis .   a - +1 spear
rCold    . . .     Gourm    .   (no shield)
rNeg     . . .     Faith    .   b - +0 leather armour
rPois    .         Spirit   .   (no helmet)
rElec    .         Reflect  .   (no cloak)
rCorr    .         Harm     .   (no gloves)
MR       .....                  (no barding)
Stlth    ..........             (no amulet)
HPRegen  0.08/turn              (no ring)
MPRegen  0.08/turn              (no ring)

@: very quick
A: large, hooves 3, deformed body, speed 2, tough skin 3
a: Depart the Abyss, Renounce Religion


You were on level 1 of the Dungeon.
You worshipped Lugonu.
Lugonu was aware of your devotion.
You were not hungry.

You visited 1 branch of the dungeon, and saw 1 of its levels.
You visited the Abyss 1 time.

You collected 5 gold pieces.

Inventory:

Hand Weapons
 a - a +1 spear (weapon)
Armour
 b - a +0 leather armour (worn)
Scrolls
 e - a scroll of teleportation {unknown}
 f - a scroll of remove curse {unknown}
Comestibles
 c - 2 rations
 d - 8 chunks of flesh


   Skills:
 + Level 3.1 Fighting
 * Level 2.1 Polearms
 + Level 1.5 Armour
 + Level 0.8 Dodging
 + Level 2.1 Invocations


You had one spell level left.
You didn't know any spells.
Your spell library was empty.

Dungeon Overview and Level Annotations

Branches:
Dungeon (1/15)

Altars:


Innate Abilities, Weirdness & Mutations

You have hooves in place of feet.
Armour fits poorly on your strangely shaped body.
You cover ground very quickly.
You have extremely tough skin. (AC +3)


Message History

You barely miss the leopard gecko. The bat hits you but does no damage.
The leopard gecko closely misses you.
The leopard gecko completely misses you.
You barely miss the leopard gecko. The bat hits you but does no damage.
The bat barely misses you. The leopard gecko bites you.
* * * LOW HITPOINT WARNING * * *
You closely miss the leopard gecko. The bat barely misses you.
The leopard gecko closely misses you.
You hit the leopard gecko. Your kick misses the leopard gecko.
The leopard gecko is severely wounded.
The bat hits you.
* * * LOW HITPOINT WARNING * * *
The leopard gecko bites you but does no damage.
You hit the leopard gecko.
You kill the leopard gecko!
Lugonu accepts your kill. The bat hits you.
* * * LOW HITPOINT WARNING * * *
The bat hits you.
You die...

#.##.## #. #.#...# ###.##
#..#.. ..... #....# ...# #
#.#.## #$.# #.######....#
#..# #.#..........
#.####..### #......#....#
#.......@.# #........#.##
#####.b#.# #..........#
#..#># #........###
#..#.####.....###
#......###...##
#######..###..###.##
#.......≈≈≈≈≈≈≈≈≈.########
#.#####.≈#≈≈≈≈≈#≈..÷......
#.≈#≈###≈#≈.########


You could see a bat.

Vanquished Creatures
  A leopard gecko (D:1)
  3 hobgoblins (D:1)
  4 bats (D:1)
  A rat (D:1)
9 creatures vanquished.

Notes
Turn   | Place    | Note
-------+----------+-------------------------------------------
     0 | Abyss:1  | Gynju the Centaur Abyssal Knight began the quest for the
                  | Orb.
     0 | Abyss:1  | Reached XP level 1. HP: 19/19 MP: 2/2
    41 | Abyss:1  | Noticed a spatial vortex
    44 | D:1      | Escaped the Abyss
   142 | D:1      | Reached * piety under Lugonu
   401 | D:1      | Reached XP level 2. HP: 21/26 MP: 3/3
   412 | D:1      | HP: 1/26 [bat (1)]
   414 | D:1      | Slain by a bat

Levels and vault maps discovered:
D:1:      lightli_arrival_isolated_outpost, layout_loops_ring,
          skrybe_limestone_x, minmay_crystal_water, st_stairs_5,
          minmay_lizard_king

Skill      XL: |  1 |
---------------+----+-----
Polearms       | 2 |  2.1
Fighting       | |  3.1
Armour         | |  1.5
Dodging        | |  0.8
Invocations    | |  2.1

Action                   || total
-------------------------++-------
Melee: Spear             ||    30
       Kick              ||     2
Invok: Depart the Abyss  ||     1
Armor: Leather armour    ||    12
Dodge: Dodged            ||    13

Table legend:
 A = Non-vault XP
 B = Vault XP
 C = Vault XP percentage of total XP
 D = Non-vault monster count
 E = Vault monster count
 F = Vault count percentage of total count
                 A         B        C        D         E       F
            +---------+---------+-------+---------+---------+-------
      Total |      15 |       0 |   0.0 |       9 |       0 |   0.0
            +---------+---------+-------+---------+---------+-------
        D:1 |      15 |       0 |   0.0 |       9 |       0 |   0.0
            +---------+---------+-------+---------+---------+-------
